 Dungeon Crawl Stone Soup version 0.29.1-15-g9cfb28693d (webtiles) character file.

Game seed: 7886211357044185778

4 Heoruswealwe the Caller (level 1, -1/10 HPs)
             Began as a Deep Elf Summoner on Feb 21, 2023.
             Slain by a quokka (3 damage)
             ... on level 1 of the Dungeon.
             The game lasted 00:01:13 (104 turns).

Heoruswealwe the Caller (Deep Elf Summoner)          Turns: 104, Time: 00:01:16

Health: -1/10      AC:  2    Str:  5    XL:     1   Next: 58%
Magic:  4/6        EV: 12    Int: 19    God:
Gold:   0          SH:  0    Dex: 15    Spells: 5/6 levels left

rFire   . . .      SeeInvis .   e - +0 short sword
rCold   . . .      Faith    .   (no shield)
rNeg    . . .      Spirit   .   a - +0 robe
rPois   .          Reflect  .   (no helmet)
rElec   .          Harm     .   (no cloak)
rCorr   .          Rampage  .   (no gloves)
Will    .....                   (no boots)
Stlth   ++........              (no amulet)
HPRegen 0.03/turn               (no ring)
MPRegen 0.10/turn               (no ring)

@: no status effects
A: no striking features
a: no special abilities


You were on level 1 of the Dungeon.
You visited 1 branch of the dungeon, and saw 1 of its levels.

Inventory:

Hand Weapons
 e - a +0 short sword (weapon)
 f - a +0 dagger
Armour
 a - a +0 robe (worn)
 c - a +0 chain mail
Potions
 b - a potion of magic
 d - a potion of heal wounds {unknown}


   Skills:
 - Level 2.4 Dodging
 - Level 2.4 Stealth
 + Level 3.3 Spellcasting
 + Level 4.5 Summonings


You had 5 spell levels left.
You knew the following spells:

 Your Spells              Type           Power      Damage    Failure   Level
a - Summon Small Mammal   Summ           80%        N/A       2%          1

Your spell library contained the following spells:

 Spells                   Type           Power      Damage    Failure   Level
 Call Imp                 Summ           20%        N/A       3%          2
 Call Canine Familiar     Summ           20%        N/A       7%          3
 Summon Guardian Golem    Hex/Summ       11%        N/A       17%         3
 Summon Lightning Spire   Summ/Air       11%        N/A       50%         4


Dungeon Overview and Level Annotations

Branches:
Dungeon (1/15)

Altars:


Message History

Your quokka bites the goblin.
The goblin dies!
You barely miss the quokka.
Your quokka bites the quokka.
Your rat bites the quokka.
The quokka barely misses you.
You hit the quokka.
The quokka is almost dead.
Your rat disappears in a puff of smoke!
Your quokka disappears in a puff of smoke!
The quokka barely misses you.
You closely miss the quokka.
The quokka is almost dead.
The quokka barely misses you. x2
You closely miss the quokka.
The quokka is almost dead.
The quokka bites you but does no damage.
You closely miss the quokka.
The quokka is almost dead.
The quokka bites you but does no damage.
The frilled lizard bites you but does no damage.
Casting: Summon Small Mammal (safe; 2% risk of failure)
Confirm with . or Enter, or press ? or * to list all spells.
The quokka misses you. The quokka barely misses you.
The frilled lizard closely misses you. The frilled lizard bites your rat.
Your rat barely misses the frilled lizard.
You barely miss the quokka.
The quokka is almost dead.
The quokka closely misses you.
Your rat closely misses the quokka.
Casting: Summon Small Mammal (safe; 2% risk of failure)
Confirm with . or Enter, or press ? or * to list all spells.
The quokka bites you. The frilled lizard bites you.
Your rat closely misses the quokka.
You miss the frilled lizard.
Your bat closely misses the quokka.
Your bat misses the frilled lizard. The quokka bites you.
* * * LOW HITPOINT WARNING * * *
The frilled lizard bites you.
* * * LOW HITPOINT WARNING * * *
Your rat bites the quokka but does no damage.
The quokka bites you.
You die...

..............# #.#...
#.......######
#.....##......##
##............# ###
.............# .... ..
#...........###....
..?#...##.............
........r.............
.....)..r@b...........
........l.............
........#............#
........#†...†.......#
........#.............
........#.............
........#.............
..........#...........
##.##................


You could see a quokka (ally target), a frilled lizard (ally target), a friendly
bat (summoned) and a friendly rat (summoned).

Vanquished Creatures (collateral kills)
  An endoplasm (D:1)
  2 goblins (D:1)
  A kobold (D:1)
4 creatures vanquished.

Notes
Turn   | Place    | Note
-------+----------+-------------------------------------------
     0 | D:1      | Heoruswealwe the Deep Elf Summoner began the quest for the
                  | Orb.
     0 | D:1      | Reached XP level 1. HP: 10/10 MP: 6/6
   104 | D:1      | Slain by a quokka

Illustrated notes

Levels and vault maps discovered:
D:1:      minmay_arrival_four_houses, layout_basic, dreamdust_princess_bridge

Action                   || total
-------------------------++-------
Melee: Short sword       ||     7
 Cast: Summon Small Mamm ||     5
Armor: Robe              ||     3
Dodge: Dodged            ||    10
